 Dungeon Crawl Stone Soup version 0.30-a0-390-g80c34de65d (webtiles) character file.

Game seed: 4030271673014941561

1327 SmokeWeed the Covert (level 8, -8/39 HPs)
             Began as a Spriggan Brigand on Dec 4, 2022.
             Killed from afar by a steam dragon (25 damage)
             ... with a ball of steam
             ... on level 7 of the Dungeon.
             The game lasted 00:27:07 (5943 turns).

SmokeWeed the Covert (Spriggan Brigand)             Turns: 5943, Time: 00:27:07

Health: -8/39      AC:  3    Str:  7    XL:     8   Next: 34%
Magic:  17/17      EV: 23    Int: 13    God:
Gold:   291        SH:  0    Dex: 24    Spells: 14/17 levels left

rFire   . . .      SeeInvis +    i - +2 dagger (holy)
rCold   . . .      Faith    .    (no shield)
rNeg    . . .      Spirit   .    b - +0 robe
rPois   .          Reflect  .    (helmet restricted)
rElec   .          Harm     .    c - +0 cloak
rCorr   .          Rampage  .    (gloves unavailable)
Will    +....                    (boots unavailable)
Stlth   +++++.....               p - amulet of regeneration
HPRegen 1.06/turn                r - +6 ring of dexterity
MPRegen 0.15/turn                (no ring)

@: very quick
A: very small, no large weapons, unfitting armour, see invisible, speed 3
a: no special abilities


You were on level 7 of the Dungeon.
You visited 1 branch of the dungeon, and saw 7 of its levels.
You also visited: Sewer.

You collected 291 gold pieces.

Inventory:

Hand Weapons
 a - a +2 dagger
 i - a +2 dagger of holy wrath (weapon)
 m - a +0 rapier
 v - a +0 scimitar
Missiles
 d - 31 poisoned darts
 e - 3 curare-tipped darts
 f - 16 boomerangs
Armour
 b - a +0 robe (worn)
 c - a +0 cloak (worn)
Jewellery
 p - an amulet of regeneration (around neck)
 r - a +6 ring of dexterity (left hand)
 s - an amulet of reflection
Wands
 u - a wand of paralysis (3)
Scrolls
 h - 4 scrolls of identify
 j - 2 scrolls of torment
 q - a scroll of blinking
 x - a scroll of brand weapon {unknown}
 y - a scroll of teleportation
Potions
 g - 2 potions of degeneration
 k - 2 potions of flight
 l - 4 potions of curing
 n - 4 potions of heal wounds
 o - a potion of brilliance {unknown}
 t - a potion of might {unknown}
 w - a potion of mutation {unknown}
 z - a potion of lignification


   Skills:
 + Level 2.5 Fighting
 + Level 4.6 Short Blades
 + Level 2.0 Throwing
 * Level 6.5 Dodging
 + Level 9.0 Stealth
 * Level 5.4 Spellcasting
 * Level 2.8 Conjurations


You had 14 spell levels left.
You knew the following spells:

 Your Spells              Type           Power      Damage    Failure   Level
a - Magic Dart            Conj           40%        1d5       5%          1
b - Searing Ray           Conj           20%        2d5       9%          2

Your spell library contained the following spells:

 Spells                   Type           Power      Damage    Failure   Level
 Apportation              Tloc           6%         N/A       19%         1
 Sublimation of Blood     Necr           3%         N/A       26%         2
 Wereblood                Tmut           3%         N/A       26%         2
 Hailstorm                Conj/Ice       7%         3d4       30%         3
 Fulminant Prism          Conj/Hex       3%         3d5       69%         4
 Ice Form                 Ice/Tmut       3%         N/A       87%         4
 Manifold Assault         Tloc           3%         N/A       87%         4
 Alistair's Intoxication  Tmut/Pois      2%         N/A       99%         5
 Dispersal                Tloc           1%         N/A       100%        6
 Simulacrum               Ice/Necr       1%         N/A       100%        6
 Summon Hydra             Summ           1%         N/A       100%        7
 Disjunction              Tloc           1%         N/A       100%        8


Dungeon Overview and Level Annotations

Branches:
Dungeon (7/15)              Sewer (visited)
 Temple: D:4-7

Altars:
Sif Muna
Xom

Annotations:
D:6 2 runed translucent doors


Innate Abilities, Weirdness & Mutations

You are very small and have problems with some larger weapons.
You are too small for most types of armour.
You have supernaturally acute eyesight. (SInv)
You cover ground extremely quickly. (Speed+++)


Message History

Press: ? - help, Q - select action, (/) - cycle Shift-Dir - straight line, f/p - manticore
Aim: a manticore (lightly wounded, 100% to hit)
The magic dart hits the manticore but does no damage.
The manticore is lightly wounded.
Your surroundings suddenly seem different.
An adder comes into view.
Found a stone staircase leading down.
The barbs in your skin will harm you if you move.
Continue?
Okay, then.
An adder is nearby!
An adder is nearby!
You carefully extract the barbed spikes from your body.
There is a stone staircase leading down here.
You climb downwards.
There is a stone staircase leading up here.
You start resting.
HP restored.
Magic restored.
You now have 291 gold pieces (gained 9).
Found a stone staircase leading down.
A steam dragon comes into view.
The steam dragon breathes steam at you. The ball of steam misses you.
You hear a shout! x4
You hit the steam dragon but do no damage.
You are engulfed in a cloud of scalding steam.
You hear a shout!
You hit the steam dragon.
The steam dragon is lightly wounded.
You are engulfed in a cloud of scalding steam.
The steam dragon closely misses you. The steam dragon completely misses you.
The steam dragon breathes steam at you. The ball of steam hits you!
You are engulfed in a cloud of scalding steam.
You see here a scroll of teleportation.
An orc comes into view. It is wielding a +0 dagger.
The steam dragon breathes steam at you. The ball of steam hits you!!
Ouch! That really hurt!
You die...

#.#..####.# ......#
###..# #.###......#
#..# #...##.#...# #..#
#.#.##.#...#
#..####.#.##.#...#
#..#.............#
##............######.#
#.#.................#
#.#...####@..######.#
#.#...# #§..# #...#
#§..#####
##.#####.......##
........§......#
....###D.§####.#
.o#.###...####.#
#.............
#.###...####..


There were no monsters in sight!

Vanquished Creatures
  A black bear (D:6)
  An ogre (D:5)
  A phantom (D:5)
  3 kobold brigands
  2 scorpions (D:5)
  2 howler monkeys (D:5)
  A jelly (D:5)
  2 hounds
  2 orc priests
  A gnoll bouda (D:5)
  Jessica (D:2)
  An orc wizard (D:5)
  3 iguanas (D:5)
  8 adders
  12 gnolls (D:5)
  A shadow imp (D:3)
  3 worms (D:3)
  A dart slug (D:1)
  23 orcs
  7 ball pythons
  6 endoplasms
  A giant cockroach (D:1)
  4 goblins
  7 hobgoblins
  19 jackals
  4 quokkas
  6 bats
  4 frilled lizards
  9 kobolds
  13 rats
149 creatures vanquished.

Vanquished Creatures (others)
  An orc wizard (D:6)
  4 plants (D:4)
5 creatures vanquished.

Grand Total: 154 creatures vanquished

Notes
Turn   | Place    | Note
-------+----------+-------------------------------------------
     0 | D:1      | SmokeWeed the Spriggan Brigand began the quest for the Orb.
     0 | D:1      | Reached XP level 1. HP: 10/10 MP: 2/2
    25 | D:1      | Reached skill level 6 in Stealth
    51 | D:1      | Reached XP level 2. HP: 7/15 MP: 3/3
   549 | D:2      | Found a shimmering blue altar of Sif Muna.
   553 | D:2      | Reached skill level 7 in Stealth
   553 | D:2      | Reached XP level 3. HP: 18/18 MP: 4/4
   557 | D:2      | Noticed Jessica
   559 | D:2      | Found a faded altar of an unknown god.
   571 | D:2      | Killed Jessica
   693 | D:2      | Reached XP level 4. HP: 23/23 MP: 5/5
  1064 | D:3      | Found a shimmering altar of Xom.
  1255 | D:3      | Learned a level 1 spell: Magic Dart
  1258 | D:3      | Learned a level 2 spell: Searing Ray
  1802 | D:3      | Found a glowing drain.
  1810 | Sewer    | Entered a sewer
  1896 | Sewer    | Noticed a kobold brigand
  1904 | Sewer    | Noticed a kobold brigand
  1957 | Sewer    | Killed a kobold brigand
  1958 | Sewer    | Reached skill level 8 in Stealth
  1958 | Sewer    | Reached skill level 1 in Spellcasting
  1958 | Sewer    | Reached XP level 5. HP: 26/26 MP: 5/7
  2084 | Sewer    | Reached XP level 6. HP: 30/30 MP: 2/9
  2158 | Sewer    | Found a white marble altar of Elyvilon.
  3241 | D:4      | Reached skill level 1 in Conjurations
  3253 | D:5      | Entered Level 5 of the Dungeon
  3450 | D:5      | Reached XP level 7. HP: 35/35 MP: 6/13
  4731 | D:5      | Reached skill level 5 in Dodging
  5009 | D:5      | Reached XP level 8. HP: 35/39 MP: 4/16
  5296 | D:5      | Reached skill level 5 in Spellcasting
  5691 | D:6      | Reached skill level 9 in Stealth
  5788 | D:6      | Found a large runed translucent door.
  5788 | D:6      | Found a large runed translucent door.
  5795 | D:6      | Noticed a cyan ugly thing
  5820 | D:6      | Noticed a manticore
  5943 | D:7      | Killed from afar by a steam dragon

Illustrated notes

Levels and vault maps discovered:
D:1:      dpeg_arrival_rooms_with_view, layout_rooms
D:2:      layout_rooms, basic_altar, shapermc_ecumenical_altar_starsandcircs,
          reono_crystal_passage, due_unseen_surprise, uniq_jessica
D:3:      layout_basic, mainiacjoe_overflow_alcove_1, portal_sewer_entry_e,
          grunt_decor_junction, minmay_misc_feat_doors,
          chequers_serial_rivers_micro_b, nicolae_wormholes
D:4:      cheibrodos_old_hovel, layout_loops_ring, okawaru_metal_pillars_1_2,
          lemuel_round_altar
D:5:      lemuel_castle_with_subvaults [lemuel_castle_interior_carwin_2],
          layout_basic, lightli_ossuary_entry_decrepit_ruins,
          ebering_dispersal_statue_hall, kennysheep_small_spiral
D:6:      layout_cave_pods, lemuel_blue_sif_altar,
          mainiacjoe_overflow_concentric_impassable, gammafunk_ghost_necromancy,
          serial_shops, shop, minmay_hollow_rounded_squares
D:7:      layout_basic, minmay_temple_entry_glass, uniq_crazy_yiuf_cottage,
          uniq_duvessa, uniq_menkaure

Skill      XL: |  1  2  3  4  5  6  7  8 |
---------------+-------------------------+-----
Stealth        | 6 7 8 9 |  9.0
Dodging        | 2 3 5 6 |  6.5
Short Blades   | 3 4 |  4.6
Fighting       | 2 |  2.5
Spellcasting   | 1 3 4 5 |  5.4
Conjurations   | 1 2 |  2.8
Throwing       | |  2.0

Action                   |  1- 3 |  4- 6 |  7- 9 || total
-------------------------+-------+-------+-------++-------
Melee: Dagger            |    73 |   197 |   276 ||   546
       Punch             |       |     5 |     6 ||    11
 Cast: Magic Dart        |       |    60 |   117 ||   177
       Searing Ray       |       |       |     4 ||     4
  Use: Potion            |       |     5 |       ||     5
       Scroll            |       |     5 |     2 ||     7
 Stab: Sleeping          |    14 |    12 |     6 ||    32
Armor: Robe              |    11 |    12 |    30 ||    53
       Skin              |       |    22 |       ||    22
Dodge: Dodged            |    53 |    91 |   293 ||   437

Table legend: (Time is in decaauts)
 A = Elapsed time spent in this place.
 B = Non-inter-level travel time spent in this place.
 C = Inter-level travel time spent in this place.
 D = Time resting spent in this place.
 E = Time spent auto-exploring this place.
 F = Levels seen in this place.
 G = Mean time per level.
                   A        B        C        D        E       F      G
               +--------+--------+--------+--------+--------+-----+--------+
         Total |   4475 |   4378 |     97 |    219 |   2803 |   8 |  559.4 |
       Dungeon |   4117 |   4020 |     97 |    219 |   2606 |   7 |  588.1 |
         Sewer |    358 |    358 |      0 |      0 |    197 |   1 |  358.0 |
               +--------+--------+--------+--------+--------+-----+--------+

Top non-repeatable levels by time:
     D:5: 1772 daAuts
     D:3: 1096 daAuts
     D:1: 376 daAuts
   Sewer: 358 daAuts
     D:2: 311 daAuts
     D:4: 248 daAuts
     D:6: 236 daAuts
     D:7: 76 daAuts
